 Dungeon Crawl Stone Soup version 0.20.1-1-g8b1a95d (webtiles) character file.

382 Necronhym the Chopper (level 6, -1/56 HPs)
             Began as a Deep Dwarf Fighter on Sept 27, 2017.
             Was a Priest of Zin.
             Slain by Duvessa
             ... wielding a +0 short sword
              (8 damage)
             ... on level 4 of the Dungeon.
             The game lasted 00:16:32 (2525 turns).

Necronhym the Chopper (Deep Dwarf Fighter)          Turns: 2525, Time: 00:16:33

Health: -1/56      AC:  7    Str: 21    XL:     6   Next: 47%
Magic:  2/2        EV:  8    Int:  9    God:    Zin [***...]
Gold:   26         SH: 10    Dex: 12    Spells: 5/5 levels left

rFire    . . .     SeeInvis .   a - +1 war axe
rCold    . . .     Gourm    .   c - +0 shield
rNeg     . . .     Faith    .   b - +0 scale mail
rPois    .         Spirit   .   (no helmet)
rElec    .         Reflect  .   (no cloak)
rCorr    .         Harm     .   (no gloves)
MR       .....                  (no boots)
Stlth    ..........             (no amulet)
Regen    0.0/turn               (no ring)
MPRegen  0.1/turn               (no ring)

@: non-regenerating
A: damage resistance, heal wounds, sense surroundings 1, no regeneration
a: Heal Wounds, Recite, Vitalisation, Imprison, Donate Gold, Renounce Religion


You were on level 4 of the Dungeon.
You worshipped Zin.
Zin was most pleased with you.
You were not hungry.

You visited 1 branch of the dungeon, and saw 4 of its levels.

You collected 195 gold pieces.
You donated 169 gold pieces to Zin.

Inventory:

Hand Weapons
 a - a +1 war axe (weapon)
Armour
 b - a +0 scale mail (worn)
 c - a +0 shield (worn)
Jewellery
 j - a cursed ring of loudness
Scrolls
 o - a scroll of identify
Potions
 d - a potion of might
 e - 3 potions of heal wounds {unknown}
 g - 4 potions of resistance {unknown}
 k - a potion of curing {unknown}
 l - a potion of flight {unknown}
 m - a potion of berserk rage {unknown}
 n - a potion of magic {unknown}
 p - 2 potions of haste {unknown}
Comestibles
 f - 3 royal jellies
 h - 6 meat rations
 i - 2 bread rations
 q - 4 fruits


   Skills:
 + Level 3.6 Fighting
 + Level 5.3 Axes
 + Level 4.2 Armour
 + Level 1.5 Dodging
 + Level 4.5 Shields


You had 5 spell levels left.
You didn't know any spells.

Dungeon Overview and Level Annotations

Branches:
Dungeon (4/15)
 Temple: D:4-7

Altars:
Ashenzari
Fedhas
Hepliaklqana
Kikubaaqudgha
Zin

Annotations:
D:4 Duvessa


Innate Abilities, Weirdness & Mutations

You are resistant to damage.
You can heal yourself by infusing magical energy.
You passively map a small area around you.
You do not regenerate.


Message History

* * * LOW HITPOINT WARNING * * *
You hit Duvessa.
Duvessa is heavily wounded.
Duvessa hits you with a short sword.
* * * LOW HITPOINT WARNING * * *
You block Duvessa's attack.
You barely miss Duvessa.
Duvessa is heavily wounded.
Duvessa is no longer moving quickly.
Duvessa hits you but does no damage. Duvessa hits you with a short sword!!
Zin protects you from harm!
You barely miss Duvessa.
Duvessa is heavily wounded.
Duvessa hits you with a short sword!
* * * LOW HITPOINT WARNING * * *
Duvessa hits you but does no damage.
You hit Duvessa.
Duvessa is severely wounded.
Duvessa hits you with a short sword!
You die...

.#.# #..........#
.#.#####.........#
.#...............#
.#....†..........#
.'...............#
##...............#
##...............#
##.......#########
...............e@#
##.......#######)#
##########
#......# # * *
*#......# #
.......%.# #
*###.../..# # ,
,........# #
###......# # .#
.......#


You could see Duvessa (berserk).

Vanquished Creatures
  An ogre (D:4)
  Dowan (D:4)
  Jessica (D:2)
  3 orc wizards
  A howler monkey skeleton (D:4)
  3 adders
  4 worms (D:2)
  3 dart slugs (D:1)
  3 leopard geckos
  14 orcs
  9 bats
  6 giant cockroaches
  6 goblins
  11 hobgoblins
  3 jackals (D:3)
  A quokka (D:4)
  A frilled lizard (D:1)
  A jackal skeleton (D:4)
  5 kobolds
  8 rats
85 creatures vanquished.

Notes
Turn   | Place    | Note
-------+----------+-------------------------------------------
     0 | D:1      | Necronhym the Deep Dwarf Fighter began the quest for the Orb.
     0 | D:1      | Reached XP level 1. HP: 20/20 MP: 1/1
    51 | D:1      | Noticed an ogre
    51 | D:1      | Noticed an ogre
    51 | D:1      | Noticed an ogre
    61 | D:1      | Reached XP level 2. HP: 27/27 MP: 2/2
    77 | D:1      | Noticed an ogre
   482 | D:1      | Found a shattered altar of Ashenzari.
   556 | D:1      | Reached XP level 3. HP: 33/33 MP: 2/2
   847 | D:2      | Reached skill level 3 in Axes
  1001 | D:2      | Found a blossoming altar of Fedhas.
  1002 | D:2      | Found an ancient bone altar of Kikubaaqudgha.
  1043 | D:2      | Noticed Jessica
  1056 | D:2      | Killed Jessica
  1056 | D:2      | Reached XP level 4. HP: 25/40 MP: 3/3
  1249 | D:2      | Found a faded altar of an unknown god.
  1251 | D:2      | Became a worshipper of Zin the Law-Giver
  1251 | D:2      | Reached * piety under Zin
  1251 | D:2      | Reached ** piety under Zin
  1371 | D:3      | Donated 53 gold pieces to Zin
  1372 | D:3      | Donated 27 gold pieces to Zin
  1645 | D:3      | Reached skill level 4 in Axes
  1649 | D:3      | Reached XP level 5. HP: 31/49 MP: 3/3
  1671 | D:3      | Found a hazy altar of Hepliaklqana.
  1996 | D:3      | Donated 28 gold pieces to Zin
  1997 | D:3      | Donated 14 gold pieces to Zin
  2164 | D:4      | Reached skill level 1 in Dodging
  2279 | D:4      | Reached *** piety under Zin
  2338 | D:4      | Noticed an ogre
  2343 | D:4      | Killed an ogre
  2343 | D:4      | Reached skill level 5 in Axes
  2343 | D:4      | Reached XP level 6. HP: 48/56 MP: 2/2
  2358 | D:4      | Donated 28 gold pieces to Zin
  2504 | D:4      | Noticed Duvessa
  2504 | D:4      | Noticed Dowan
  2512 | D:4      | Killed Dowan
  2523 | D:4      | Zin protects you from harm!
  2525 | D:4      | Slain by Duvessa

Skill      XL: |  1  2  3  4  5 |
---------------+----------------+-----
Axes           | 3 4 5 |  5.3
Armour         | 4 |  4.2
Shields        | 4 |  4.5
Fighting       | 3 |  3.6
Dodging        | 1 |  1.5

Action                   |  1- 3 |  4- 6 || total
-------------------------+-------+-------++-------
Melee: War axe           |   136 |   155 ||   291
Invok: Donate Gold       |       |     5 ||     5
 Abil: Heal Wounds       |     4 |     4 ||     8
  Use: Scroll            |     1 |     4 ||     5
  Eat: Bread ration      |     1 |       ||     1
       Royal jelly       |       |     2 ||     2
Armor: Scale mail        |    55 |    68 ||   123
Dodge: Dodged            |    34 |    51 ||    85
Block: Shield            |    75 |   102 ||   177
